 Dungeon Crawl Stone Soup version 0.29.1-15-g9cfb28693d (webtiles) character file.

Game seed: 14867496723747508414

3089 althea the Grappler (level 9, -5/89 HPs)
             Began as a Troll Fighter on June 10, 2023.
             Was a Priest of Wu Jian.
             Slain by a wyvern (14 damage)
             ... on level 8 of the Dungeon.
             The game lasted 00:21:09 (6663 turns).

althea the Grappler (Troll Fighter)                 Turns: 6663, Time: 00:21:10

Health: -5/89      AC:  8    Str: 26    XL:     9   Next: 59%
Magic:  0/8        EV:  8    Int:  8    God:    Wu Jian [***...]
Gold:   519        SH:  8    Dex:  9    Spells: 8/8 levels left

rFire   . . .      SeeInvis .     - Unarmed
rCold   . . .      Faith    .   b - +0 kite shield
rNeg    . . .      Spirit   +   H - +0 acid dragon scales
rPois   .          Reflect  .   (helmet restricted)
rElec   .          Harm     .   (no cloak)
rCorr   +          Rampage  .   (gloves unavailable)
Will    +....                   (boots unavailable)
Stlth   +.........              C - amulet of guardian spirit
HPRegen 1.04/turn               f - ring of wizardry
MPRegen 0.11/turn               w - ring of willpower

@: no status effects
A: large, unfitting armour, claws 3, regeneration 1, shaggy fur 1, tough skin 1
a: Renounce Religion, Wall Jump, Serpent's Lash


You were on level 8 of the Dungeon.
You worshipped Wu Jian.
Wu Jian was most pleased with you.
You visited 2 branches of the dungeon, and saw 9 of its levels.

You collected 519 gold pieces.

Inventory:

Missiles
 q - a throwing net (quivered)
Armour
 a - a +0 robe
 b - a +0 kite shield (worn)
 H - +0 acid dragon scales (worn)
Jewellery
 f - a ring of wizardry (left claw)
 w - a ring of willpower (right claw)
 C - an amulet of guardian spirit (around neck)
 E - a ring of ice
Wands
 y - a wand of digging (6)
 F - a wand of polymorph (11)
 G - a wand of mindburst (13)
 M - a wand of flame (18)
 O - a wand of paralysis (4)
Scrolls
 e - a scroll of vulnerability {unknown}
 h - 6 scrolls of teleportation {unknown}
 j - a scroll of butterflies {unknown}
 l - 8 scrolls of identify {unknown}
 o - 4 scrolls of amnesia {unknown}
 p - a scroll of noise {unknown}
 s - a scroll of silence {unknown}
 t - a scroll of fear {unknown}
 v - 3 scrolls of magic mapping {unknown}
 z - a scroll of summoning {unknown}
 I - 2 scrolls of immolation {unknown}
 J - 2 scrolls of enchant armour {unknown}
 L - a scroll of blinking {unknown}
 N - a scroll of enchant weapon {unknown}
Potions
 c - a potion of might
 d - a potion of mutation {unknown}
 g - 4 potions of curing
 i - 2 potions of flight {unknown}
 k - a potion of berserk rage {unknown}
 m - 2 potions of brilliance {unknown}
 n - a potion of invisibility {unknown}
 r - 2 potions of heal wounds {unknown}
 u - 3 potions of attraction {unknown}
 x - 2 potions of haste {unknown}
 A - a potion of resistance {unknown}
 B - 3 potions of degeneration {unknown}
 D - a potion of cancellation {unknown}
 K - a potion of magic {unknown}


   Skills:
 + Level 6.0 Fighting
 + Level 3.3 Dodging
 + Level 6.6 Shields
 * Level 9.5 Unarmed Combat


You had 8 spell levels left.
You didn't know any spells.
Your spell library contained the following spells:

 Spells                   Type           Power      Damage    Failure   Level
 Chain Lightning          Conj/Air       0%         N/A       100%        9
 Fire Storm               Conj/Fire      0%         5d1       100%        9
 Shatter                  Erth           0%         3d5*      100%        9


Dungeon Overview and Level Annotations

Branches:
Dungeon (8/15)             Temple (1/1) D:7
   Lair: D:8-11

Altars:
Ashenzari
Dithmenos
Elyvilon
Gozag
Hepliaklqana
Kikubaaqudgha
Makhleb
Qazlal
Ru
Sif Muna
Uskayaw
Wu Jian
Xom
Yredelemnul
Zin
The Shining One

Shops:
D:2 (   D:3 *   D:6 (:=


Innate Abilities, Weirdness & Mutations

You are too large for most types of armour.
You have claws for hands.
Your natural rate of healing is unusually fast.
You are covered in fur. (AC +1)
You have tough skin. (AC +1)


Message History

The bullfrog hits you. The wyvern completely misses you.
You spin and attack the wyvern.
You claw the wyvern!
The wyvern is moderately wounded.
You spin and attack the bullfrog.
You claw the bullfrog!
You kill the bullfrog!
The Council accepts your kill. The wyvern bites you!
The wyvern barely misses you.
You spin and attack the wyvern.
You claw the wyvern!
The wyvern is severely wounded.
You spin and attack the wyvern.
You completely miss the wyvern.
The wyvern is heavily wounded.
The wyvern bites you! The wyvern barely misses you. The wyvern bites you.
* * * LOW HITPOINT WARNING * * *
You are too injured to fight recklessly!
You are too injured to fight recklessly!
You are too injured to fight recklessly!
You are too injured to fight recklessly!
You scratch the wyvern but do no damage.
The wyvern is severely wounded.
The wyvern bites you.
* * * LOW HITPOINT WARNING * * *
The wyvern bites you.
* * * LOW HITPOINT WARNING * * *
You completely miss the wyvern.
The wyvern is severely wounded.
The wyvern barely misses you. x2; The wyvern bites you.
* * * LOW HITPOINT WARNING * * *
The wyvern bites you.
* * * LOW HITPOINT WARNING * * *
You scratch the wyvern.
The wyvern is almost dead.
The wyvern bites you.
* * * LOW HITPOINT WARNING * * *
The wyvern bites you!
* * * LOW HITPOINT WARNING * * *
You claw the wyvern!
You kill the wyvern!
The Council accepts your kill. The wyvern misses you. The wyvern bites you!
You die...

#................
#.........[.##### P.
#...........# # .P.
#...........##### ..?#
#................
P.P.#####................


PP....................... ..........##########..... ......†.@l# #.....
.P........# #..... ..........# ###### P....###### P.#.# .... ### You could see a
wyvern.

Vanquished Creatures
  Maggie (D:6)
  Grinder (D:5)
  A wyvern (D:8)
  An acid dragon (D:8)
  A water moccasin (D:8)
  An ice beast (D:5)
  An orc warrior (D:8)
  3 black bears
  An ogre (D:4)
  A phantom (D:6)
  A centaur (D:6)
  A kobold brigand (D:8)
  2 bullfrogs
  3 necrophages
  3 scorpions
  4 wights (D:6)
  3 electric eels (D:7)
  A howler monkey (D:5)
  2 jellies (D:5)
  5 orc priests
  2 hounds (D:6)
  7 orc wizards
  15 gnolls
  5 adders
  A shadow imp (D:6)
  A white imp (D:5)
  3 worms
  A dart slug (D:1)
  29 orcs
  3 ball pythons
  11 endoplasms
  5 giant cockroaches
  6 goblins
  4 hobgoblins
  9 jackals
  11 kobolds
  2 quokkas
  5 bats
  2 frilled lizards (D:1)
  7 rats
166 creatures vanquished.

Vanquished Creatures (others)
  An orc (D:7)
  5 fungi (D:3)
  5 plants
  5 toadstools (D:3)
16 creatures vanquished.

Grand Total: 182 creatures vanquished

Notes
Turn   | Place    | Note
-------+----------+-------------------------------------------
     0 | D:1      | althea the Troll Fighter began the quest for the Orb.
     0 | D:1      | Reached XP level 1. HP: 22/22 MP: 0/0
    82 | D:1      | Reached XP level 2. HP: 29/29 MP: 1/1
   329 | D:1      | Reached XP level 3. HP: 36/36 MP: 2/2
   466 | D:1      | Reached skill level 3 in Unarmed Combat
   702 | D:2      | Found Zofoekku's Antique Weapon Shoppe.
   795 | D:2      | You fall into a shaft and drop 2 floors!
   821 | D:3      | Found an ornate altar of the Wu Jian Council.
   829 | D:3      | Became a worshipper of the Wu Jian Council
   906 | D:3      | Found Geuffi Cogua's General Store.
   933 | D:3      | Found a burning altar of Makhleb.
   937 | D:3      | Identified the +3 whip of the Equinox {vorpal, rPois Will-
                  | Dex+4}
  1078 | D:3      | Found a broken altar of Ashenzari.
  1338 | D:3      | Reached XP level 4. HP: 41/44 MP: 3/3
  1773 | D:2      | Reached * piety under Wu Jian
  1774 | D:2      | Reached skill level 4 in Unarmed Combat
  1774 | D:2      | Reached XP level 5. HP: 41/53 MP: 4/4
  1992 | D:2      | Found a faded altar of an unknown god.
  3066 | D:5      | Entered Level 5 of the Dungeon
  3072 | D:5      | Reached XP level 6. HP: 61/61 MP: 5/5
  3093 | D:5      | Found an ancient bone altar of Kikubaaqudgha.
  3152 | D:5      | Found a hide-covered altar of Uskayaw.
  3155 | D:5      | Found a stormy altar of Qazlal.
  3162 | D:5      | Reached skill level 5 in Unarmed Combat
  3171 | D:5      | Noticed Grinder
  3307 | D:4      | Reached XP level 7. HP: 48/68 MP: 6/6
  3464 | D:5      | Paralysed by Grinder for 3 turns
  3470 | D:5      | Killed Grinder
  3471 | D:5      | Reached skill level 6 in Unarmed Combat
  3767 | D:5      | Reached ** piety under Wu Jian
  3918 | D:5      | Reached skill level 5 in Shields
  3922 | D:5      | Reached XP level 8. HP: 79/79 MP: 5/7
  4057 | D:5      | Reached skill level 7 in Unarmed Combat
  4307 | D:6      | Found Omivaol's Jewellery Shoppe.
  4526 | D:6      | Found a shadowy altar of Dithmenos.
  4539 | D:6      | Noticed Maggie
  4555 | D:6      | Killed Maggie
  4556 | D:6      | Reached skill level 5 in Fighting
  4556 | D:6      | Reached skill level 8 in Unarmed Combat
  4636 | D:6      | Found Suad Xeu's Antique Weapon Emporium.
  4728 | D:6      | Found Ityrph's Book Shop.
  4746 | D:6      | Reached XP level 9. HP: 48/83 MP: 3/8
  5085 | D:6      | Found a basalt altar of Yredelemnul.
  5117 | D:7      | Found a staircase to the Ecumenical Temple.
  5125 | Temple   | Entered the Ecumenical Temple
  5848 | D:7      | Reached skill level 9 in Unarmed Combat
  6251 | D:8      | Reached *** piety under Wu Jian
  6663 | D:8      | Slain by a wyvern

Illustrated notes

Levels and vault maps discovered:
D:1:      dpeg_arrival_simpleton_b, layout_loops_ring
D:2:      minmay_chambers_of_ones, layout_loops_cross,
          dreamdust_ecumenical_altar_grove, serial_shops, shop,
          nicolae_figureground_pulse
D:3:      layout_loops_corners, nicolae_ashenzari_panopticon, bloody_makhleb,
          mainiacjoe_overflow_cross_hatched, serial_shops, shop,
          minmay_gold_behind_fungi, nicolae_grassy_gnolls
D:4:      layout_gridville, minmay_misc_feat_diagonals
D:5:      layout_basic, nicolae_overflow_hidden_temple,
          minmay_a_box_with_orc_wizards_in_it, uniq_grinder
D:6:      layout_cave_pools, marbit_many_paths, grunt_dithmenos_shadows,
          serial_shops, nicolae_shop_statue_plus, shop,
          nicolae_shop_overgrown_old_shop, uniq_maggie
D:7:      layout_basic, lemuel_coloured_pillars_altar,
          minmay_temple_entry_mini_moons, minivault_14
D:8:      layout_basic, minmay_lair_entry_grove, kennysheep_decorative_pillar
Temple:   hellmonk_temple_forest_ring

Skill      XL: |  1  2  3  4  5  6  7  8  9 |
---------------+----------------------------+-----
Shields        | 3 4 5 6 |  6.6
Unarmed Combat | 3 4 5 6 8 9 |  9.5
Fighting       | 3 4 5 6 |  6.0
Dodging        | 3 |  3.3

Action                   |  1- 3 |  4- 6 |  7- 9 || total
-------------------------+-------+-------+-------++-------
Melee: Unarmed           |   107 |   132 |   256 ||   495
Invok: Lunge             |     4 |    10 |    27 ||    41
       Whirlwind         |       |     2 |    28 ||    30
 Stab: Sleeping          |     3 |       |       ||     3
Armor: Robe              |    34 |    26 |    19 ||    79
       Acid dragon scale |       |       |    28 ||    28
Dodge: Dodged            |    34 |    45 |    61 ||   140
Block: Kite shield       |    34 |    40 |    80 ||   154
